[ AOE2 MATCH · #505884481 ]
UnrankedBerbers vs Cumans
Player's team · WIN
Rival team · LOSS
[ REPLAY ANALYSIS · EXTRACTED FROM THE RECORDED GAME ]
Feudal
10:55
Castle
14:53
Imperial
36:53
| APM avg | 78.5 |
| APM peak | 133 |
| eAPM avg | 44.5 |
| Villagers / military | 201 / 177 |
Focus
⚔️ 38.1% · 🌾 61.9%
Knight ×97 · Camel Archer ×46 · Scout Cavalry ×15 · Battering Ram ×11 · Monk ×6 · Mangonel ×2
Feudal
8:28
Castle
26:14
Imperial
30:42
| APM avg | 36.8 |
| APM peak | 73 |
| eAPM avg | 20.9 |
| Villagers / military | 132 / 80 |
Focus
⚔️ 22.6% · 🌾 77.4%
Kipchak ×52 · Mangonel ×9 · Scout Cavalry ×7 · Knight ×5 · Trebuchet (Packed) ×5 · Monk ×2
Match map
Initial resources + every placement click. Lines = walls · curves = elevation contours. ◆ gold · ⬟ stone · ● berries · ✦ relic · ◌ wall gap
Your base· ✓ Closed at 14:53 · 29t walls · 2 gate(s)
NuMa | Darkvlad's base· ✓ Closed at 26:14 · 11t walls · 3 gate(s)
Smoothed initial terrain · ◌ = detected wall gap · hover for details
Inputs per minute
— ATILA200 - - NuMa | Darkvlad
Build order — ATILA200
First 150 of 521 actions detected
| 0:00 | Queue | Villager (Male) |
| 0:00 | Queue | Villager (Male) |
| 0:00 | Queue | Villager (Male) |
| 0:01 | Queue | Villager (Male) |
| 0:01 | Queue | Villager (Male) |
| 0:03 | Build | House |
| 0:04 | Build | House |
| 0:36 | Research | Loom |
| 1:14 | Queue | Villager (Male) |
| 1:57 | Queue | Villager (Male) |
| 1:57 | Queue | Villager (Male) |
| 1:58 | Queue | Villager (Male) |
| 2:18 | Build | Lumber Camp |
| 2:25 | Queue | Villager (Male) |
| 2:25 | Queue | Villager (Male) |
| 2:25 | Queue | Villager (Male) |
| 2:49 | Queue | Villager (Male) |
| 2:50 | Queue | Villager (Male) |
| 3:18 | Queue | Villager (Male) |
| 3:18 | Queue | Villager (Male) |
| 3:18 | Queue | Villager (Male) |
| 3:50 | Queue | Villager (Male) |
| 3:50 | Queue | Villager (Male) |
| 3:56 | Build | House |
| 3:57 | Build | House |
| 3:58 | Build | House |
| 4:05 | Queue | Villager (Male) |
| 4:05 | Queue | Villager (Male) |
| 4:06 | Queue | Villager (Male) |
| 4:29 | Queue | Villager (Male) |
| 4:29 | Queue | Villager (Male) |
| 4:29 | Queue | Villager (Male) |
| 4:29 | Queue | Villager (Male) |
| 5:35 | Build | Mill |
| 5:45 | Queue | Villager (Male) |
| 5:46 | Queue | Villager (Male) |
| 5:46 | Queue | Villager (Male) |
| 6:17 | Queue | Villager (Male) |
| 6:17 | Queue | Villager (Male) |
| 6:17 | Queue | Villager (Male) |
| 6:17 | Queue | Villager (Male) |
| 6:17 | Queue | Villager (Male) |
| 6:18 | Queue | Villager (Male) |
| 8:03 | Research | Loom |
| 8:37 | Research | Feudal Age |
| 8:37 | Research | Feudal Age |
| 8:47 | Build | Palisade Wall |
| 8:49 | Build | Palisade Wall |
| 8:53 | Build | Palisade Wall |
| 9:01 | Build | Palisade Wall |
| 9:02 | Build | Palisade Wall |
| 9:04 | Build | Palisade Wall |
| 9:05 | Build | Palisade Wall |
| 9:06 | Build | Palisade Wall |
| 9:13 | Queue | Villager (Male) |
| 9:20 | Build | Mining Camp |
| 10:55 | Age | Feudal Age |
| 11:07 | Build | Market |
| 11:10 | Build | Blacksmith |
| 11:16 | Queue | Villager (Male) |
| 11:48 | Queue | Villager (Male) |
| 12:00 | Research | Castle Age |
| 12:00 | Research | Castle Age |
| 12:20 | Build | House |
| 12:23 | Build | Palisade Wall |
| 12:25 | Build | Palisade Wall |
| 12:33 | Build | House |
| 12:35 | Build | Palisade Wall |
| 12:56 | Build | Farm |
| 12:56 | Build | Farm |
| 12:57 | Build | Farm |
| 12:59 | Build | Farm |
| 13:34 | Build | Farm |
| 13:48 | Build | Palisade Wall |
| 13:53 | Build | Palisade Wall |
| 13:55 | Build | Palisade Wall |
| 14:20 | Queue | Villager (Male) |
| 14:33 | Build | Mining Camp |
| 14:38 | Build | Farm |
| 14:43 | Build | Farm |
| 14:52 | Build | Farm |
| 14:53 | Age | Castle Age |
| 15:03 | Build | Siege Workshop |
| 15:05 | Queue | Villager (Male) |
| 15:21 | Build | House |
| 15:25 | Build | Palisade Wall |
| 15:25 | Build | Palisade Wall |
| 15:26 | Build | Palisade Wall |
| 15:38 | Queue | Villager (Male) |
| 15:55 | Queue | Mangonel |
| 15:55 | Queue | Mangonel |
| 16:07 | Queue | Villager (Male) |
| 16:37 | Queue | Villager (Male) |
| 16:37 | Queue | Villager (Male) |
| 17:01 | Build | Town Center |
| 17:13 | Build | Farm |
| 17:27 | Queue | Villager (Male) |
| 17:28 | Queue | Villager (Male) |
| 17:28 | Queue | Villager (Male) |
| 17:39 | Research | Double-Bit Axe |
| 17:40 | Research | Double-Bit Axe |
| 17:54 | Build | Monastery |
| 17:59 | Queue | Villager (Male) |
| 17:59 | Queue | Villager (Male) |
| 18:13 | Build | Farm |
| 18:17 | Queue | Villager (Male) |
| 18:17 | Queue | Villager (Male) |
| 18:18 | Queue | Villager (Male) |
| 18:35 | Queue | Villager (Male) |
| 18:36 | Queue | Villager (Male) |
| 18:44 | Build | Farm |
| 18:44 | Build | Farm |
| 18:44 | Build | Farm |
| 18:44 | Build | Farm |
| 18:45 | Build | Farm |
| 18:56 | Build | Farm |
| 18:56 | Queue | Villager (Male) |
| 18:57 | Queue | Villager (Male) |
| 19:09 | Queue | Villager (Male) |
| 19:12 | Build | Farm |
| 19:27 | Queue | Monk |
| 19:27 | Queue | Monk |
| 19:34 | Queue | Villager (Male) |
| 19:34 | Queue | Villager (Male) |
| 19:34 | Queue | Villager (Male) |
| 19:34 | Queue | Villager (Male) |
| 19:39 | Build | Farm |
| 19:40 | Build | Farm |
| 19:41 | Build | Farm |
| 19:42 | Build | Farm |
| 19:47 | Build | Farm |
| 19:48 | Build | Farm |
| 19:51 | Queue | Villager (Male) |
| 19:51 | Queue | Villager (Male) |
| 20:01 | Queue | Villager (Male) |
| 20:01 | Queue | Villager (Male) |
| 20:02 | Queue | Villager (Male) |
| 20:19 | Queue | Villager (Male) |
| 20:19 | Queue | Villager (Male) |
| 20:29 | Queue | Villager (Male) |
| 20:29 | Queue | Villager (Male) |
| 20:32 | Build | House |
| 20:34 | Queue | Villager (Male) |
| 20:35 | Queue | Villager (Male) |
| 20:49 | Build | Town Center |
| 20:50 | Queue | Villager (Male) |
| 20:50 | Queue | Villager (Male) |
| 20:58 | Queue | Monk |
| 20:58 | Queue | Monk |
| 21:11 | Queue | Villager (Male) |
Build order — NuMa | Darkvlad
First 150 of 321 actions detected
| 0:01 | Queue | Villager (Male) |
| 0:02 | Build | House |
| 0:04 | Build | House |
| 0:11 | Queue | Villager (Male) |
| 0:14 | Queue | Villager (Male) |
| 0:20 | Queue | Villager (Male) |
| 1:26 | Queue | Villager (Male) |
| 1:46 | Build | Lumber Camp |
| 1:50 | Queue | Villager (Male) |
| 2:11 | Queue | Villager (Male) |
| 2:38 | Queue | Villager (Male) |
| 3:09 | Queue | Villager (Male) |
| 3:23 | Build | House |
| 3:35 | Queue | Villager (Male) |
| 3:40 | Queue | Villager (Male) |
| 4:18 | Queue | Villager (Male) |
| 4:22 | Build | Mill |
| 4:59 | Queue | Villager (Male) |
| 5:18 | Queue | Villager (Male) |
| 5:34 | Research | Loom |
| 6:18 | Research | Feudal Age |
| 6:48 | Queue | Villager (Male) |
| 6:56 | Build | House |
| 7:24 | Build | Mining Camp |
| 8:23 | Queue | Villager (Male) |
| 8:28 | Age | Feudal Age |
| 8:30 | Build | Watch Tower |
| 8:36 | Research | Double-Bit Axe |
| 8:54 | Queue | Villager (Male) |
| 9:08 | Queue | Villager (Male) |
| 9:34 | Queue | Villager (Male) |
| 9:45 | Queue | Villager (Male) |
| 9:47 | Build | Blacksmith |
| 10:01 | Build | House |
| 10:32 | Research | Fletching |
| 10:32 | Research | Fletching |
| 10:46 | Build | Outpost |
| 10:58 | Build | Watch Tower |
| 11:02 | Build | Palisade Wall |
| 11:03 | Build | Palisade Wall |
| 11:04 | Build | Palisade Wall |
| 11:04 | Build | Palisade Wall |
| 11:04 | Build | Palisade Wall |
| 11:06 | Build | Palisade Wall |
| 11:07 | Queue | Villager (Male) |
| 11:20 | Queue | Villager (Male) |
| 11:52 | Build | Outpost |
| 11:53 | Queue | Villager (Male) |
| 11:57 | Build | Mill |
| 12:11 | Queue | Villager (Male) |
| 12:17 | Build | Outpost |
| 12:34 | Build | Outpost |
| 12:35 | Queue | Villager (Male) |
| 12:50 | Build | Outpost |
| 12:55 | Build | Outpost |
| 12:58 | Queue | Villager (Male) |
| 13:10 | Build | House |
| 13:22 | Queue | Villager (Male) |
| 13:31 | Build | Farm |
| 13:31 | Build | Farm |
| 13:31 | Build | Farm |
| 13:32 | Build | Farm |
| 13:54 | Queue | Villager (Male) |
| 14:01 | Queue | Villager (Male) |
| 14:13 | Build | Palisade Wall |
| 14:14 | Build | Palisade Wall |
| 14:14 | Build | Palisade Wall |
| 14:14 | Build | Palisade Wall |
| 14:14 | Build | Palisade Wall |
| 14:15 | Build | Palisade Wall |
| 14:15 | Build | Palisade Wall |
| 14:22 | Build | Watch Tower |
| 14:23 | Queue | Villager (Male) |
| 14:27 | Build | Farm |
| 14:31 | Build | Farm |
| 14:31 | Build | Farm |
| 14:31 | Build | Farm |
| 14:32 | Build | Farm |
| 14:32 | Build | Farm |
| 14:42 | Queue | Villager (Male) |
| 14:45 | Build | Farm |
| 15:11 | Queue | Villager (Male) |
| 15:13 | Build | Farm |
| 15:24 | Queue | Villager (Male) |
| 15:37 | Queue | Villager (Male) |
| 15:50 | Build | Watch Tower |
| 15:56 | Build | House |
| 16:05 | Queue | Villager (Male) |
| 16:07 | Build | House |
| 16:10 | Build | House |
| 16:11 | Build | House |
| 16:12 | Queue | Villager (Male) |
| 16:18 | Queue | Villager (Male) |
| 16:26 | Queue | Villager (Male) |
| 16:29 | Queue | Villager (Male) |
| 16:38 | Queue | Villager (Male) |
| 16:50 | Build | Town Center |
| 16:54 | Queue | Villager (Male) |
| 17:10 | Build | Farm |
| 17:46 | Queue | Villager (Male) |
| 17:49 | Build | House |
| 18:02 | Build | Barracks |
| 18:04 | Queue | Villager (Male) |
| 18:06 | Build | Farm |
| 18:20 | Build | Farm |
| 18:21 | Queue | Villager (Male) |
| 18:24 | Queue | Villager (Male) |
| 18:27 | Build | House |
| 18:34 | Queue | Villager (Male) |
| 18:56 | Build | Stable |
| 19:02 | Build | Mining Camp |
| 19:05 | Queue | Villager (Male) |
| 19:07 | Build | House |
| 19:08 | Queue | Villager (Male) |
| 19:11 | Build | Farm |
| 19:19 | Build | Farm |
| 19:25 | Build | House |
| 19:26 | Build | House |
| 19:39 | Queue | Scout Cavalry |
| 19:39 | Queue | Scout Cavalry |
| 19:41 | Build | House |
| 19:42 | Queue | Villager (Male) |
| 19:45 | Build | Farm |
| 19:47 | Build | Farm |
| 19:53 | Queue | Villager (Male) |
| 19:57 | Build | Farm |
| 20:04 | Research | Wheelbarrow |
| 20:09 | Build | Farm |
| 20:10 | Queue | Villager (Male) |
| 20:22 | Queue | Villager (Male) |
| 20:28 | Queue | Scout Cavalry |
| 20:29 | Queue | Villager (Male) |
| 20:31 | Build | House |
| 20:33 | Queue | Villager (Male) |
| 20:35 | Build | Farm |
| 20:45 | Queue | Villager (Male) |
| 20:52 | Queue | Villager (Male) |
| 20:57 | Queue | Villager (Male) |
| 21:00 | Build | Farm |
| 21:00 | Build | Farm |
| 21:00 | Build | Farm |
| 21:01 | Build | Farm |
| 21:01 | Build | Farm |
| 21:14 | Build | House |
| 21:15 | Build | House |
| 21:15 | Queue | Villager (Male) |
| 21:16 | Queue | Villager (Male) |
| 21:56 | Build | Farm |
| 21:57 | Build | Farm |
| 22:12 | Queue | Villager (Male) |
Match timeline
| 8:28 | NuMa | Darkvlad · age_up feudal |
| 8:47 | ATILA200 · wall_segment Palisade Wall x1 |
| 8:49 | ATILA200 · wall_segment Palisade Wall x8 |
| 8:53 | ATILA200 · wall_segment Palisade Wall x1 |
| 9:01 | ATILA200 · wall_segment Palisade Wall x1 |
| 9:02 | ATILA200 · wall_segment Palisade Wall x1 |
| 9:04 | ATILA200 · wall_segment Palisade Wall x8 |
| 9:05 | ATILA200 · wall_segment Palisade Wall x2 |
| 9:06 | ATILA200 · wall_segment Palisade Wall x1 |
| 10:55 | ATILA200 · age_up feudal |
| 11:02 | NuMa | Darkvlad · wall_segment Palisade Wall x1 |
| 11:03 | NuMa | Darkvlad · wall_segment Palisade Wall x1 |
| 11:04 | NuMa | Darkvlad · wall_segment Palisade Wall x1 |
| 11:04 | NuMa | Darkvlad · wall_segment Palisade Wall x2 |
| 11:04 | NuMa | Darkvlad · wall_segment Palisade Wall x1 |
| 11:06 | NuMa | Darkvlad · wall_segment Palisade Wall x1 |
| 12:23 | ATILA200 · wall_segment Palisade Wall x1 |
| 12:25 | ATILA200 · wall_segment Palisade Wall x1 |
| 12:35 | ATILA200 · wall_segment Palisade Wall x1 |
| 13:48 | ATILA200 · wall_segment Palisade Wall x1 |
| 13:53 | ATILA200 · wall_segment Palisade Wall x1 |
| 13:55 | ATILA200 · wall_segment Palisade Wall x1 |
| 14:13 | NuMa | Darkvlad · wall_segment Palisade Wall x1 |
| 14:14 | NuMa | Darkvlad · wall_segment Palisade Wall x2 |
| 14:14 | NuMa | Darkvlad · wall_segment Palisade Wall x1 |
| 14:14 | NuMa | Darkvlad · wall_segment Palisade Wall x1 |
| 14:14 | NuMa | Darkvlad · wall_segment Palisade Wall x1 |
| 14:15 | NuMa | Darkvlad · wall_segment Palisade Wall x1 |
| 14:15 | NuMa | Darkvlad · wall_segment Palisade Wall x1 |
| 14:53 | ATILA200 · age_up castle |
| 15:03 | ATILA200 · first_building Siege Workshop |
| 15:25 | ATILA200 · wall_segment Palisade Wall x1 |
| 15:25 | ATILA200 · wall_segment Palisade Wall x1 |
| 15:26 | ATILA200 · wall_segment Palisade Wall x1 |
| 17:37 | ATILA200 · first_market_buy 100 food |
| 17:54 | ATILA200 · first_building Monastery |
| 18:02 | NuMa | Darkvlad · first_building Barracks |
| 18:56 | NuMa | Darkvlad · first_building Stable |
| 22:09 | ATILA200 · wall_segment Palisade Wall x1 |
| 23:25 | NuMa | Darkvlad · first_market_buy 100 food |
| 25:35 | ATILA200 · first_building Castle |
| 26:14 | NuMa | Darkvlad · age_up castle |
| 26:16 | NuMa | Darkvlad · first_building Castle |
| 26:35 | NuMa | Darkvlad · first_building Monastery |
| 27:25 | NuMa | Darkvlad · first_market_sell 100 wood |
| 30:42 | NuMa | Darkvlad · age_up imperial |
| 33:55 | ATILA200 · first_building Barracks |
| 34:42 | ATILA200 · first_building Stable |
| 35:50 | NuMa | Darkvlad · first_building Siege Workshop |
| 36:53 | ATILA200 · age_up imperial |
| 37:29 | ATILA200 · first_market_sell 500 wood |
| 41:26 | NuMa | Darkvlad · resign |
[ AI ANALYSIS · 1 CREDIT ]
What really happened in this match?
Wolo.gg analyzes every decision: build order, eco, micro, common mistakes by bracket. Personalized analysis on WhatsApp or Discord in 30 seconds.
Civ guide
Berbers
Perfil
Jugador #18310130